 Dungeon Crawl Stone Soup version 0.30-a0-1075-gcd70e7a56d (webtiles) character file.

Game seed: 9628540749684082997

91 Maxmaps the Ducker (level 4, 0/35 HPs)
             Began as a Demonspawn Monk on Apr 15, 2023.
             Slain by an orc
             ... wielding a +0 whip
              (6 damage)
             ... on level 3 of the Dungeon.
             The game lasted 00:04:18 (1907 turns).

Maxmaps the Ducker (Demonspawn Monk)                Turns: 1907, Time: 00:04:19

Health: 0/35       AC:  5    Str: 10 (12) XL:     4   Next: 34%
Magic:  4/4        EV: 10    Int: 10 (13) God:
Gold:   138        SH:  0    Dex: 10 (15) Spells: 3/3 levels left

rFire   . . .      SeeInvis .    l - +0 long sword
rCold   . . .      Faith    .    c - orb {light}
rNeg    . . .      Spirit   .    k - +0 ring mail
rPois   .          Reflect  .    (no helmet)
rElec   .          Rampage  .    (no cloak)
rCorr   .                        (no gloves)
Will    .....                    (no boots)
Stlth   +                        (no amulet)
HPRegen 0.25/turn                (no ring)
MPRegen 0.09/turn                (no ring)

@: glowing
A: big brain 1, dopey 1, MP-powered wands
a: no special abilities


You were on level 3 of the Dungeon.
You visited 1 branch of the dungeon, and saw 3 of its levels.

You collected 138 gold pieces.

Inventory:

Hand Weapons
 l - a +0 long sword (weapon)
Armour
 a - a +0 robe
 c - an orb of light (worn)
 k - a +0 ring mail (worn)
Scrolls
 i - 2 scrolls of identify
 j - 2 scrolls of fear
Potions
 e - a potion of degeneration


   Skills:
 - Level 3.0 Fighting
 + Level 2.7 Armour
 - Level 3.2 Dodging
 - Level 1.7 Stealth
 - Level 3.1 Unarmed Combat


You had 3 spell levels left.
You didn't know any spells.
Your spell library contained the following spells:

 Spells                   Type           Power      Damage    Failure   Level
 Fireball                 Conj/Fire      0%         3d3       100%        5
 Iskenderun's Battlesphe  Conj           0%         2d6       100%        5
 Conjure Ball Lightning   Conj/Air       0%         3x3d6     100%        6
 Orb of Destruction       Conj           0%         9d5       100%        7


Dungeon Overview and Level Annotations

Branches:
Dungeon (3/15)

Altars:

Annotations:
D:3 1 runed translucent door


Innate Abilities, Weirdness & Mutations

You have an unusually large brain. (Int +2)
You are dopey. (Int -2)
You expend magic power (3 MP) to strengthen your wands.


Message History

The goblin hits you but does no damage. The orc hits you with a +0 whip.
The rat bites you but does no damage.
You barely miss the goblin.
The ball python hisses angrily.
The goblin hits you with a +0 dagger. The orc hits you with a +0 whip.
The rat bites you but does no damage.
You hit the goblin but do no damage. The orc closely misses you.
The rat bites you but does no damage. The goblin barely misses you.
The orc hits you with a +0 whip. The goblin hits you with a +0 dagger.
The rat bites you.
You barely miss the goblin. The orc hits you but does no damage.
The rat barely misses you. The goblin hits you with a +0 dagger.
The ball python bites you but does no damage.
The ball python grabs you. The ball python constricts you.
You escape the ball python's grasp.
The orc attacks as you move away! The orc closely misses you.
You see here a +0 dagger.
There is a stone staircase leading up here.
A ball python comes into view.
The ball python hisses angrily.
The orc attacks as you move away! The orc hits you with a +0 whip.
The orc attacks as you move away! The orc hits you but does no damage.
Found 10 gold pieces.
The orc attacks as you move away! The orc hits you with a +0 whip.
* * * LOW HITPOINT WARNING * * *
Found a stone staircase leading down.
Really quaff the potion of mutation? [Y]es or [N]o only, please.
Really quaff the potion of mutation?
You feel extremely strange.
You feel stupid.
You feel healthier.
You regain control of your magic.
You feel stupid.
You feel your magical essence link to the dungeon's wands.
The orc hits you with a +0 whip.
* * * LOW HITPOINT WARNING * * *
The orc attacks as you move away! The orc misses you.
The orc attacks as you move away! The orc barely misses you.
Found 22 gold pieces.
The orc attacks as you move away! The orc hits you with a +0 whip.
You die...

#..######..##.##
#...#..)......#
##..<.........
#Sg...[.......
####.###.#....###
########..S.#
#.....(..
#....$...r###
#.####.###
#.......o.# #.#
... #......@..#
..# ..
#...............#
............$..
#............##
...>......##.$.
#.........# ##..
###..###### ..
#..


You could see an orc, a goblin, 2 ball pythons and a rat.

Vanquished Creatures
  An iguana (D:2)
  3 adders (D:2)
  A worm (D:1)
  An orc (D:3)
  4 bats
  2 endoplasms (D:1)
  5 hobgoblins
  3 jackals (D:1)
  2 quokkas
  2 ball pythons (D:2)
  2 frilled lizards
  A goblin (D:1)
  4 kobolds
  6 rats
37 creatures vanquished.

Notes
Turn   | Place    | Note
-------+----------+-------------------------------------------
     0 | D:1      | Maxmaps the Demonspawn Monk began the quest for the Orb.
     0 | D:1      | Reached XP level 1. HP: 18/18 MP: 1/1
   150 | D:1      | Gained mutation: You have an unusually large brain. (Int
                  | +2) [demonic ancestry]
   150 | D:1      | Reached XP level 2. HP: 22/24 MP: 2/2
   875 | D:2      | Reached skill level 1 in Armour
   875 | D:2      | Reached XP level 3. HP: 27/29 MP: 3/3
  1363 | D:2      | Gained mutation: Your spells are a little harder to cast,
                  | but a little more powerful. [potion of mutation]
  1363 | D:2      | Gained mutation: Your body sometimes deteriorates upon
                  | taking damage. [potion of mutation]
  1363 | D:2      | Gained mutation: Your mind is acute. (Int +4, Str/Dex -1)
                  | [potion of mutation]
  1372 | D:2      | Reached XP level 4. HP: 7/35 MP: 4/4
  1885 | D:3      | Found a runed translucent door.
  1903 | D:3      | Lost mutation: Your mind is acute. (Int +4, Str/Dex -1)
                  | [potion of mutation]
  1903 | D:3      | Lost mutation: Your body sometimes deteriorates upon taking
                  | damage. [potion of mutation]
  1903 | D:3      | Lost mutation: Your spells are a little harder to cast, but
                  | a little more powerful. [potion of mutation]
  1903 | D:3      | Gained mutation: You are dopey. (Int -2) [potion of
                  | mutation]
  1903 | D:3      | Gained mutation: You expend magic power (3 MP) to
                  | strengthen your wands. [potion of mutation]
  1907 | D:3      | Slain by an orc

Illustrated notes

Levels and vault maps discovered:
D:1:      enne_arrival_octagon_isle, layout_basic
D:2:      layout_basic
D:3:      layout_rooms, old_standard_altar, hellmonk_ghost_happy_afterlife,
          basic_ecumenical_altar

Skill      XL: |  1  2  3 |
---------------+----------+-----
Unarmed Combat | 3 |  3.1
Dodging        | 3 |  3.2
Armour         | 1 2 |  2.7
Fighting       | |  3.0
Stealth        | |  1.7

Action                     |  1- 3 |  4- 6 || total
---------------------------+-------+-------++-------
  Melee: Unarmed           |   122 |       ||   122
         Long sword        |    14 |    33 ||    47
    Use: Potion            |     4 |     1 ||     5
         Scroll            |       |     4 ||     4
 Armour: Robe              |    12 |       ||    12
         Ring mail         |    41 |    25 ||    66
  Dodge: Dodged            |   112 |    26 ||   138

Table legend: (Time is in decaauts)
 A = Elapsed time spent in this place.
 B = Non-inter-level travel time spent in this place.
 C = Inter-level travel time spent in this place.
 D = Time resting spent in this place.
 E = Time spent auto-exploring this place.
 F = Levels seen in this place.
 G = Mean time per level.
                   A        B        C        D        E       F      G
               +--------+--------+--------+--------+--------+-----+--------+
         Total |   1919 |   1832 |     87 |    367 |   1029 |   3 |  639.7 |
       Dungeon |   1919 |   1832 |     87 |    367 |   1029 |   3 |  639.7 |
               +--------+--------+--------+--------+--------+-----+--------+

Top non-repeatable levels by time:
     D:1: 965 daAuts
     D:2: 923 daAuts
     D:3: 30 daAuts
